 Dungeon Crawl Stone Soup version 0.18.1-8-gdd0e5ea (webtiles) character file.

39916 Peloso the Fencer (level 13, -2/119 HPs)
             Began as a Minotaur Fighter on June 8, 2016.
             Was the Champion of Okawaru.
             Slain by a blink frog (8 damage)
             ... on level 7 of the Lair of Beasts.
             The game lasted 01:02:15 (17064 turns).

Peloso the Fencer (Minotaur Fighter)               Turns: 17064, Time: 01:02:16

Health: -2/119     AC: 25    Str: 24    XL:     13   Next: 71%
Magic:  13/13      EV: 11    Int:  5    God:    Okawaru [******]
Gold:   1282       SH: 14    Dex: 12    Spells: 0 memorised, 12 levels left

rFire  . . .     SeeInvis +     B - +4 demon blade "Hydrabane" {flame, rN+}
rCold  + . .     Gourm    .     r - +2 chain mail {rC+}
rNeg   + . .     Faith    +     c - +0 shield
rPois  +         Spirit   .     X - +1 hat
rElec  .         Dismiss  .     U - +2 cloak {rPois}
rCorr  .         Reflect  .     I - +0 pair of gloves
SustAt .         Harm     .     i - +3 pair of boots "Pereim" {SInv}
MR     .....                    J - amulet of faith
Stlth  ..........               k - +4 ring of slaying
                                (no ring)

@: lethally poisoned (-2 -> -3), not resistant to hostile enchantments,
extremely unstealthy
A: retaliatory headbutt, horns 2
a: Heroism, Finesse, Renounce Religion


You were on level 7 of the Lair of Beasts.
You worshipped Okawaru.
Okawaru was exalted by your worship.
You were not hungry.

You visited 3 branches of the dungeon, and saw 20 of its levels.
You also visited: Labyrinth, Sewer and Ice Cave.

You collected 1282 gold pieces.

Inventory:

Hand Weapons
 s - a +4 scimitar of flaming
 B - the +4 demon blade "Hydrabane" (weapon) {flame, rN+}
   (Okawaru gifted it to you on level 4 of the Lair of Beasts)

   It has been specially enchanted to burn those struck by it, causing extra
   injury to most foes and up to half again as much damage against particularly
   susceptible opponents.
   Big, fiery blades are also staple armaments of hydra-hunters.
   It protects you from negative energy.
 L - a +2 long sword of flaming
Armour
 c - a +0 shield (worn)
 i - the +3 pair of boots "Pereim" (worn) {SInv}
   (You acquired it on level 12 of the Dungeon)

   It lets you see invisible.
 r - a +2 chain mail of cold resistance (worn)
 t - a +1 cloak of magic resistance
 C - the +0 cloak of the Gate {rF- Str+3 Int+3}
   (Okawaru gifted it to you on level 6 of the Lair of Beasts)

   It affects your strength (+3).
   It affects your intelligence (+3).
   It makes you vulnerable to fire.
 I - a +0 pair of gloves (worn)
 U - a +2 cloak of poison resistance (worn)
 V - a +3 chain mail of positive energy
 X - a +1 hat (worn)
Jewellery
 k - a +4 ring of slaying (right hand)
 u - an uncursed ring of fire
 J - an amulet of faith (around neck)
Wands
 a - a wand of random effects (28/48)
 j - a wand of digging (13/24)
 x - a wand of polymorph (5/24)
 y - a wand of acid (15/15)
 G - a wand of random effects (10/48)
 K - a wand of lightning (10/15)
 M - a wand of heal wounds (4/9)
 R - a wand of flame (21/48)
Scrolls
 d - a scroll of identify
 h - 2 scrolls of enchant armour
 o - 3 scrolls of enchant weapon
 p - 7 scrolls of remove curse
 E - 2 scrolls of recharging
 H - 3 scrolls of blinking
 O - 5 scrolls of teleportation
Potions
 b - a potion of haste
 e - a potion of might
 g - 7 potions of flight
 m - 2 potions of cancellation
 w - 7 potions of heal wounds
 z - 9 potions of curing
 A - a potion of magic
 D - 6 potions of brilliance
 N - 2 potions of resistance
Books
 Q - a book of Minor Magic

   Spells                             Type                      Level
   a - Magic Dart                     Conjuration                  1
   b - Blink                          Translocation                2
   c - Call Imp                       Summoning                    2
   d - Repel Missiles                 Charms/Air                   2
   e - Slow                           Hexes                        2
   f - Conjure Flame                  Conjuration/Fire             3
   g - Mephitic Cloud                 Conjuration/Poison/Air       3
Miscellaneous
 n - a phantom mirror
Comestibles
 f - 8 bread rations
 l - 11 meat rations
 q - 8 fruits
 v - 12 slices of pizza
 F - 12 royal jellies
 P - 6 chunks of flesh


   Skills:
 + Level 12.7 Fighting
 + Level 15.0 Long Blades
 + Level 12.3 Armour
 + Level 5.7 Dodging
 + Level 1.5 Stealth
 + Level 15.0 Shields
 + Level 0.2 Invocations
 + Level 1.6 Evocations


You had 12 spell levels left.
You didn't know any spells.

Dungeon Overview and Level Annotations

Branches:
Dungeon (12/15)            Temple (1/1) D:7            Lair (7/8) D:9
  Swamp (0/4) Lair:6        Snake (0/4) Lair:3          Orc (0/2) D:9
  Slime: Lair:6-8

Altars:
Ashenzari
Cheibriados
Dithmenos
Elyvilon
Fedhas
Gozag
Kikubaaqudgha
Makhleb
Nemelex Xobeh
Okawaru
Pakellas
Qazlal
Ru
Sif Muna
Trog
Vehumet
Xom
Yredelemnul
Zin
The Shining One


Innate Abilities, Weirdness & Mutations

You reflexively headbutt those who attack you in melee.
You have a pair of horns on your head.


Message History

Unknown command.
You barely miss the griffon. You headbutt the griffon.
The griffon is lightly wounded.
You feel sick. You block the blink frog's attack. The yak gores you.
* * * LOW HITPOINT WARNING * * *
Unknown command.
You slice the griffon!! You burn the griffon! You headbutt the griffon!
The griffon is almost dead.
The blink frog hits you but does no damage.
Unknown command.
You slash the griffon! You burn the griffon.
You kill the griffon!
Okawaru accepts your kill.
Your Long Blades skill increases to level 15!
The blink frog blinks!
The yak gores you!
* * * LOW HITPOINT WARNING * * *
The yak gores you!
* * * LOW HITPOINT WARNING * * *
You block the yak's attack. The blink frog hits you!
You die...

...## ######.
P≈#....#..P.#..
PP≈..........<..
♣≈.F#...........
...#.............
..................
.........................
....P.FF@Y...............
......YYFY.....#.P.......
........Y.....#.##.......
......./....P..#.........
.........................
............P...#..PP...P
....P....................
.............≈≈≈≈≈.......
§............≈≈≈≈≈.......


You could see 5 yaks and 4 blink frogs.

Vanquished Creatures
  A minotaur (Lab)
  7 hydras
  Erica (D:8)
  The ghost of Gargoyl the Protected, a novice DsAK of Lugonu (D:8)
  A hill giant (D:10)
  An unseen horror (D:12)
  An oklob plant (Lair:5)
  4 griffons
  A deep elf mage (D:12)
  2 cyclopes (D:12)
  2 ugly things (D:11)
  A centaur zombie (D:11)
  2 ice statues (IceCv)
  3 black mambas
  6 spiny frogs
  A kobold demonologist (D:11)
  3 rime drakes (Lair:6)
  4 komodo dragons
  4 polar bears (D:10)
  A troll (D:11)
  A queen bee (Lair:5)
  2 giant leeches (Lair:6)
  A two-headed ogre (D:9)
  3 blink frogs (Lair:4)
  Sigmund (D:4)
  30 yaks
  2 shadows (Lab)
  2 wyverns
  A hog (D:10)
  A human (D:8)
  2 basilisks
  A hungry ghost (D:12)
  7 hippogriffs
  Menkaure (D:7)
  4 nagas (Lair:3)
  10 porcupines
  5 water moccasins
  Duvessa (D:6)
  7 black bears
  3 orc warriors
  20 ice beasts
  The ghost of BoredAlt the Chopper, an amateur HOFi (D:4)
  A necrophage (D:8)
  A phantom (D:4)
  2 centaurs
  An ogre (D:10)
  6 wolves
  10 crocodiles
  A big kobold (D:11)
  Blork the orc (D:3)
  26 giant frogs
  Dowan (D:6)
  A scorpion (D:9)
  33 killer bees
  2 electric eels
  A troll zombie (D:8)
  15 wights
  The ghost of blejac99 the Grave Robber, a weakling HuNe (D:3)
  A quasit (D:8)
  9 crimson imps
  5 hounds
  A giant frog zombie (D:8)
  3 human zombies (D:8)
  Crazy Yiuf (D:2)
  2 centaur skeletons (D:10)
  2 jellies (D:8)
  A giant frog skeleton (D:9)
  5 orc priests
  8 orc wizards
  A human skeleton (D:8)
  13 iguanas
  12 hell rats (Lair:1)
  8 worker ants
  13 sheep
  A hound zombie (D:5)
  2 hound skeletons
  3 mummies (D:8)
  A howler monkey skeleton (D:6)
  3 gnolls (D:7)
  16 adders
  63 river rats
  14 oozes
  A worm (D:6)
  16 giant geckos
  37 orcs
  9 ball pythons
  14 giant cockroaches
  14 goblins
  5 hobgoblins
  6 jackals (D:4)
  12 kobolds
  2 quokkas
  9 bats
  A giant gecko skeleton (D:5)
  11 giant newts
  A jackal zombie (D:5)
  2 orc skeletons (D:8)
  An orc zombie (D:8)
  2 quokka skeletons
  16 rats
  2 plants
605 creatures vanquished.

Vanquished Creatures (others)
  2 fungi (Lair:1)
  2 plants (Lair:1)
4 creatures vanquished.

Grand Total: 609 creatures vanquished

Notes
Turn   | Place    | Note
--------------------------------------------------------------
     0 | D:1      | Peloso the Minotaur Fighter began the quest for the Orb.
     0 | D:1      | Reached XP level 1. HP: 19/19 MP: 0/0
   140 | D:1      | Reached XP level 2. HP: 27/27 MP: 1/1
   945 | D:2      | Reached XP level 3. HP: 33/33 MP: 2/2
  1070 | D:2      | Found a shimmering altar of Xom.
  1345 | D:2      | Reached XP level 4. HP: 41/41 MP: 3/3
  1643 | D:2      | Noticed Crazy Yiuf
  1651 | D:2      | Killed Crazy Yiuf
  1987 | D:3      | Noticed blejac99's ghost (weakling HuNe)
  2184 | D:3      | Killed blejac99's ghost
  2184 | D:3      | Reached skill level 5 in Fighting
  2184 | D:3      | Reached XP level 5. HP: 19/48 MP: 4/4
  2725 | D:4      | Reached skill level 5 in Shields
  2796 | D:4      | Noticed Blork the orc
  2808 | D:4      | Noticed BoredAlt's ghost (amateur HOFi)
  2986 | D:3      | Killed Blork the orc
  2986 | D:3      | Reached skill level 5 in Armour
  2986 | D:3      | Reached XP level 6. HP: 36/56 MP: 5/5
  3207 | D:4      | Killed BoredAlt's ghost
  3424 | D:4      | Reached XP level 7. HP: 59/61 MP: 6/6
  3543 | D:4      | Noticed Sigmund
  3552 | D:4      | Killed Sigmund
  3733 | D:5      | Entered Level 5 of the Dungeon
  3773 | D:5      | Found a glowing drain.
  3784 | Sewer    | Entered a sewer
  4011 | Sewer    | Reached skill level 5 in Long Blades
  4169 | Sewer    | Reached skill level 1 in Dodging
  4262 | D:5      | Reached XP level 8. HP: 59/70 MP: 7/7
  4654 | D:5      | Found a burning altar of Makhleb.
  4654 | D:5      | Noticed a cacodemon
  5290 | D:6      | Noticed Dowan
  5301 | D:6      | Killed Dowan
  5303 | D:6      | Noticed Duvessa
  5314 | D:6      | Killed Duvessa
  5841 | D:7      | Reached XP level 9. HP: 63/78 MP: 8/8
  6268 | D:7      | Noticed Menkaure
  6274 | D:7      | Killed Menkaure
  6292 | D:7      | Found a staircase to the Ecumenical Temple.
  6302 | Temple   | Entered the Ecumenical Temple
  6348 | Temple   | Became a worshipper of Warmaster Okawaru
  6689 | D:8      | Found a sparkling altar of Nemelex Xobeh.
  6689 | D:8      | Noticed Erica
  6706 | D:8      | Killed Erica
  6706 | D:8      | Reached * piety under Okawaru
  6706 | D:8      | Reached skill level 10 in Shields
  6761 | D:8      | Reached XP level 10. HP: 44/88 MP: 9/9
  6838 | D:8      | Reached ** piety under Okawaru
  6851 | D:8      | Noticed Gargoyl's ghost (novice DsAK)
  6875 | D:8      | Killed Gargoyl's ghost
  6920 | D:8      | Found a snail-covered altar of Cheibriados.
  7123 | D:8      | Found a basalt altar of Yredelemnul.
  7415 | D:9      | Found a staircase to the Lair.
  7504 | D:9      | Reached *** piety under Okawaru
  7750 | D:9      | Reached skill level 10 in Armour
  7851 | D:9      | Found a staircase to the Orcish Mines.
  7984 | D:10     | Entered Level 10 of the Dungeon
  8121 | D:10     | Noticed a hill giant
  8132 | D:10     | Killed a hill giant
  8132 | D:10     | Reached skill level 10 in Long Blades
  8235 | D:10     | Reached **** piety under Okawaru
  8313 | D:10     | Reached skill level 1 in Stealth
  8313 | D:10     | Reached XP level 11. HP: 97/97 MP: 10/10
  8388 | D:10     | Found a huge runed gate.
  8389 | D:10     | Found a huge runed gate.
  8390 | D:10     | Found a huge runed gate.
  8391 | D:10     | Noticed a griffon
  8391 | D:10     | Found a huge runed gate.
  8391 | D:10     | Noticed a griffon
  8431 | D:10     | Killed a griffon
  8431 | D:10     | Reached ***** piety under Okawaru
  8441 | D:10     | Killed a griffon
  8830 | D:11     | Reached skill level 10 in Fighting
  9095 | D:11     | Received a gift from Okawaru
  9136 | D:11     | Noticed a white ugly thing
  9148 | D:11     | Killed a white ugly thing
  9420 | D:11     | Noticed a white ugly thing
  9425 | D:11     | Killed a white ugly thing
  9683 | D:12     | Found a labyrinth entrance.
  9699 | Lab      | Entered a labyrinth
 10673 | Lab      | Noticed a minotaur
 10680 | Lab      | Killed a minotaur
 10680 | Lab      | Received a gift from Okawaru
 10924 | Lab      | Got a brightly glowing short sword {god gift}
 10933 | Lab      | Got an ancient broad axe
 11078 | D:12     | Noticed a deep elf mage
 11085 | D:12     | Killed a deep elf mage
 11111 | D:12     | Noticed a four-headed hydra
 11115 | D:12     | Reached skill level 1 in Evocations
 11119 | D:12     | Killed a one-headed hydra
 11119 | D:12     | Reached XP level 12. HP: 87/108 MP: 11/11
 11245 | D:12     | Identified a scroll of acquirement
 11248 | D:12     | Got a pair of ancient boots
 11259 | D:12     | Identified the +3 pair of boots "Pereim" {SInv} (You acquired it on level 12 of the Dungeon)
 11427 | Lair:1   | Entered Level 1 of the Lair of Beasts
 11436 | Lair:1   | Reached ****** piety under Okawaru
 11449 | Lair:1   | Identified the +7 short sword "Toof" {pain, Dex+4} (Okawaru gifted it to you in a labyrinth)
 11452 | Lair:1   | Identified the +9 broad axe "Puypneum" {freeze, Int+4 Dex+3} (You found it in a labyrinth)
 11537 | Lair:1   | Received a gift from Okawaru
 11766 | Lair:1   | Noticed a six-headed hydra
 11770 | Lair:1   | Killed a two-headed hydra
 12405 | Lair:2   | Noticed a four-headed hydra
 12415 | Lair:2   | Killed a one-headed hydra
 13081 | Lair:3   | Found a staircase to the Snake Pit.
 14054 | Lair:4   | Found a frozen archway.
 14091 | IceCv    | Entered an ice cave
 14117 | IceCv    | Received a gift from Okawaru
 14337 | Lair:4   | Noticed a four-headed hydra
 14344 | Lair:4   | Killed a one-headed hydra
 14677 | Lair:4   | Received a gift from Okawaru
 14681 | Lair:4   | Got a crystal demon blade {god gift}
 14682 | Lair:4   | Identified the +4 demon blade "Hydrabane" {flame, rN+} (Okawaru gifted it to you on level 4 of the Lair of Beasts)
 14809 | Lair:4   | Reached XP level 13. HP: 117/117 MP: 13/13
 15199 | Lair:5   | Reached skill level 5 in Dodging
 15413 | Lair:5   | Found a blossoming altar of Fedhas.
 15962 | Lair:6   | Received a gift from Okawaru
 15995 | Lair:6   | Got an ichor-stained cloak {god gift}
 16006 | Lair:6   | Identified the +0 cloak of the Gate {rF- Str+3 Int+3} (Okawaru gifted it to you on level 6 of the Lair of Beasts)
 16833 | Lair:6   | Found a staircase to the Swamp.
 17044 | Lair:7   | Reached skill level 15 in Shields
 17064 | Lair:7   | Reached skill level 15 in Long Blades
 17064 | Lair:7   | Slain by a blink frog

Skill      XL: |  1  2  3  4  5  6  7  8  9 10 11 12 13 |
---------------+----------------------------------------+-----
Fighting       | 4 5 6 7 9 10 11 12 | 12.7
Armour         | 4 5 6 8 9 10 11 12 | 12.3
Shields        | 4 5 6 7 9 10 11 13 14 15 | 15.0
Long Blades    | 3 4 5 6 8 10 12 14 15 | 15.0
Dodging        | 1 2 3 4 5 |  5.7
Stealth        | 1 |  1.5
Evocations     | 1 |  1.6
Invocations    | |  0.2

Action                   |  1- 3 |  4- 6 |  7- 9 | 10-12 | 13-15 || total
-------------------------+-------+-------+-------+-------+-------++-------
Melee: Long sword        |    90 |   121 |   464 |       |       ||   675
       Headbutt          |    16 |    21 |    73 |   142 |    60 ||   312
       Scimitar          |       |       |     9 |   639 |       ||   648
       Demon blade       |       |       |       |    13 |   337 ||   350
Invok: Heroism           |       |       |       |     2 |       ||     2
Evoke: Wand              |       |       |       |     8 |       ||     8
  Use: Potion            |       |     1 |       |       |       ||     1
       Scroll            |       |       |    11 |    16 |     4 ||    31
  Eat: Chunk             |     1 |    12 |    15 |    17 |     9 ||    54
       Royal jelly       |       |       |       |     1 |       ||     1
       Beef jerky        |       |       |       |     2 |       ||     2
       Fruit             |       |       |       |     1 |       ||     1
Armor: Plate armour      |    70 |    66 |   347 |   127 |       ||   610
       Scale mail        |     2 |       |       |       |       ||     2
       Chain mail        |       |       |       |   154 |   213 ||   367
Dodge: Dodged            |     6 |    24 |   107 |   156 |   157 ||   450
Block: Shield            |    47 |    66 |   346 |   361 |   304 ||  1124
